Map: Pillars of Gold LE

Players

JonSnow

  • Race: Zerg Zerg
  • League: Master
  • Spawn Location: 7:00

Namshar - Winner!

  • Race: Zerg Zerg
  • League: Master
  • Spawn Location: 1:00

Event: DreamHack SC2 Masters 2020 Summer North America

VOD

Have the link to the VOD?

Description

Time

  • Played on: July 2, 2020, 4:38 p.m.
  • Length: 6:55

All games in this series

Show
View Real Time Build Order
Export as new Build Order

JonSnow Zerg 

Build Orders: Hatch First 

Get SALT Encoding   

  12  0:01  Drone  
  13  0:12  Overlord  
  13  0:18  Drone  
  14  0:30  Drone x2  
  16  0:51  Hatchery  
  16  0:54  Drone  
  16  0:58  Drone  
  16  1:01  Drone  
  18  1:09  Extractor  
  17  1:18  Spawning Pool  
  17  1:21  Drone  
  17  1:24  Drone  
  18  1:28  Drone  
  19  1:39  Drone  
  20  1:50  Overlord  
  20  2:04  Queen x2  
  20  2:05  Zergling x2  
  20  2:06  Drone  
  26  2:11  Metabolic Boost  
  26  2:14  Drone  
  27  2:17  Zergling x2  
  27  2:22  Drone  
  29  2:26  Zergling x2  
  30  2:42  Hatchery  
  29  2:48  Drone  
  29  2:49  Drone  
  31  2:56  Drone, Baneling Nest  
  30  3:06  Drone x3  
  33  3:16  Overlord  
  33  3:19  Drone  
  35  3:20  Drone  
  35  3:35  Zergling x12  
  41  3:43  Overlord  
  41  3:44  Baneling x2  
  41  3:46  Overlord  
  41  3:51  Zergling x4  
  41  3:54  Drone  
  41  3:55  Drone x3  
  47  4:02  Roach Warren  
  46  4:06  Baneling x2  
  46  4:13  Overlord  
  44  4:27  Queen  
  43  4:43  Roach x10  
  63  4:45  Overlord  
  63  4:53  Roach  
  67  5:00  Roach  
  67  5:03  Overlord  
  67  5:06  Zergling x10  
  71  5:10  Zergling x8  
  75  5:15  Baneling x2  
  74  5:21  Zergling x10  
  74  5:27  Zergling x2  
  79  5:31  Zergling x4  
  81  5:38  Baneling x2  
  78  5:46  Zergling x6  
  78  5:47  Zergling x10  
  72  5:59  Zergling x8  
  72  6:03  Zergling x4  
  67  6:15  Zergling x6  
  59  6:22  Zergling x4  
  59  6:25  Zergling x2  
  55  6:30  Baneling x4  
  59  6:33  Zergling x2  
  59  6:34  Zergling x4  
Show
View Real Time Build Order
Export as new Build Order

Namshar Zerg - Winner!

Build Orders: Hatch First 

Get SALT Encoding   

  12  0:00  Drone  
  13  0:12  Overlord  
  13  0:17  Drone  
  14  0:30  Drone x2  
  16  0:49  Hatchery  
  15  0:52  Drone  
  15  0:56  Drone  
  17  0:59  Drone  
  18  1:09  Extractor  
  17  1:14  Spawning Pool  
  17  1:18  Drone  
  17  1:21  Drone  
  18  1:28  Drone  
  19  1:38  Drone  
  20  1:49  Drone  
  21  2:01  Drone, Queen x2  
  22  2:02  Overlord  
  26  2:09  Metabolic Boost  
  26  2:11  Drone  
  26  2:14  Drone  
  28  2:22  Drone x2  
  30  2:32  Zergling x2  
  30  2:33  Zergling x2  
  32  2:40  Hatchery  
  31  2:47  Queen  
  33  2:54  Baneling Nest  
  32  2:59  Overlord  
  32  3:02  Zergling x2  
  32  3:03  Drone  
  34  3:07  Drone  
  34  3:11  Zergling x2  
  36  3:17  Zergling x2  
  36  3:18  Zergling x6  
  40  3:23  Zergling x2  
  41  3:28  Overlord  
  41  3:40  Drone  
  42  3:41  Overlord  
  42  3:44  Drone  
  42  3:45  Drone  
  42  3:48  Drone x2  
  46  3:49  Lair  
  46  3:52  Extractor  
  45  3:56  Drone x4  
  48  4:03  Evolution Chamber  
  48  4:04  Baneling x2  
  48  4:05  Drone x2  
  49  4:12  Drone x4  
  53  4:22  Drone x5  
  56  4:33  Baneling  
  56  4:38  Drone x8, Extractor  
  56  4:39  Extractor  
  56  4:45  Overlord  
  61  4:46  Drone x3  
  64  4:57  Drone x2  
  66  5:03  Overlord x2  
  66  5:06  Spire  
  65  5:08  Baneling  
  65  5:13  Zergling x8  
  71  5:17  Spine Crawler  
  71  5:20  Spine Crawler  
  71  5:21  Zergling x10  
  69  5:22  Baneling x2  
  69  5:23  Baneling  
  69  5:27  Zergling x2  
  72  5:29  Baneling, Spine Crawler  
  72  5:32  Baneling x3  
  72  5:35  Zergling x8  
  72  5:43  Zergling x2  
  72  5:44  Zergling x10  
  72  5:48  Zergling x4  
  72  5:49  Zergling x2  
  69  5:52  Zergling x6  
  69  5:55  Zergling x2  
  68  5:59  Zergling x2  
  68  6:00  Queen  
  68  6:02  Zergling x4  
  62  6:15  Zergling x6  
  59  6:19  Zergling x2  
  59  6:23  Zergling x4  
  59  6:24  Baneling  
  58  6:28  Mutalisk  
  61  6:33  Baneling x2  
Tags
 
Add a new tag
Caveats
  • Supply blocks, unpowered buildings, or Contaminate may cause inaccurate times.
  • Supply counts are checked every 10 seconds.